 Dungeon Crawl Stone Soup version 0.28.0 (webtiles) character file.

Game seed: 15055602408291457923

26 horus123 the Poker (level 2, -2/24 HPs)
             Began as a Demonspawn Monk on Feb 12, 2022.
             Slain by an orc priest (6 damage)
             ... on level 2 of the Dungeon.
             The game lasted 00:02:48 (1657 turns).

horus123 the Poker (Demonspawn Monk)                Turns: 1657, Time: 00:02:48

Health: -2/24      AC:  3    Str: 11    XL:     2   Next: 89%
Magic:  2/2        EV: 12    Int: 11    God:
Gold:   46         SH:  0    Dex: 15    Spells: 1/1 levels left

rFire   . . .      SeeInvis .   a - +0 spear
rCold   . . .      Faith    .   (no shield)
rNeg    . . .      Spirit   .   c - +0 leather armour
rPois   .          Reflect  .   (no helmet)
rElec   .          Harm     .   (no cloak)
rCorr   .          Rampage  .   (no gloves)
Will    .....                   (no boots)
Stlth   ++........              (no amulet)
HPRegen 0.08/turn               (no ring)
MPRegen 0.08/turn               (no ring)

@: no status effects
A: hooves 1
a: no special abilities


You were on level 2 of the Dungeon.
You visited 1 branch of the dungeon, and saw 2 of its levels.

You collected 46 gold pieces.

Inventory:

Hand Weapons
 a - a +0 spear (weapon)
Armour
 c - a +0 leather armour (worn)
Scrolls
 d - a scroll of enchant weapon {unknown}
 e - a scroll of fear
Potions
 b - a potion of resistance {unknown}


   Skills:
 - Level 3.0 Fighting
 + Level 3.8 Polearms
 - Level 2.6 Dodging
 - Level 1.7 Stealth


You had one spell level left.
You didn't know any spells.
Your spell library was empty.

Dungeon Overview and Level Annotations

Branches:
Dungeon (2/15)

Altars:

Shops:
D:1 ?![?[


Innate Abilities, Weirdness & Mutations

You have large cloven feet.


Message History

The orc priest hits you with a +0 war axe.
The orc misses you.
You hit the orc priest.
The orc priest is heavily wounded.
The orc priest calls down the wrath of Beogh upon you.
Pain shoots through your body!
You closely miss the orc. You kick the orc.
The orc is moderately wounded.
The orc hits you with a +0 club.
* * * LOW HITPOINT WARNING * * *
You hit the orc but do no damage.
The orc is moderately wounded.
The orc barely misses you.
You barely miss the orc. You kick the orc.
You kill the orc!
You hit the orc priest but do no damage.
You kick the orc priest, but do no damage.
The orc priest is heavily wounded.
The orc priest misses you.
You hit the orc priest. Your kick misses the orc priest.
You punch the orc priest, but do no damage.
The orc priest is severely wounded.
The orc priest hits you but does no damage.
You hit the orc priest but do no damage.
You kick the orc priest, but do no damage.
The orc priest is severely wounded.
The orc priest closely misses you.
You closely miss the orc priest. Your kick misses the orc priest.
The orc priest is severely wounded.
The orc priest hits you with a +0 war axe.
* * * LOW HITPOINT WARNING * * *
You hit the orc priest. Your kick misses the orc priest.
The orc priest is severely wounded.
The orc priest invokes the aid of Beogh against you.
Pain shoots through your body!
* * * LOW HITPOINT WARNING * * *
You hit the orc priest but do no damage.
The orc priest is severely wounded.
The orc priest hits you with a +0 war axe.
You die...

#..# #.#
##..###.####
.#
...........#
.#
##########.#
.# #.# w#
#.# .# #.#
.#
#.#######)#
#......@ow#
###########


You could see an orc priest and a dart slug.

Vanquished Creatures
  2 orcs (D:2)
  An endoplasm (D:1)
  4 goblins (D:1)
  5 hobgoblins (D:1)
  3 jackals (D:1)
  A kobold (D:1)
  A quokka (D:1)
  A ball python (D:1)
  A bat (D:1)
19 creatures vanquished.

Notes
Turn   | Place    | Note
-------+----------+-------------------------------------------
     0 | D:1      | horus123 the Demonspawn Monk began the quest for the Orb.
     0 | D:1      | Reached XP level 1. HP: 18/18 MP: 1/1
   354 | D:1      | Gained mutation: You have large cloven feet. [demonic
                  | ancestry]
   354 | D:1      | Reached XP level 2. HP: 24/24 MP: 2/2
   371 | D:1      | Found Kaijulun's Distillery.
   467 | D:1      | Found Qotz's Armour Shop.
   492 | D:1      | Found Xonu's Antique Armour Emporium.
   533 | D:1      | Found Ruomoa's Magic Scroll Shop.
   600 | D:1      | Found Urhiruap's Magic Scroll Boutique.
  1657 | D:2      | Slain by an orc priest

Illustrated notes

Levels and vault maps discovered:
D:1:      dpeg_arrival_morbid_curiosity, layout_loops_ring, serial_shops,
          nicolae_shop_stone, shop_statue, nicolae_shop_stone, shop,
          nicolae_lakefront_shop
D:2:      layout_loops_ring, serial_shops, nicolae_shop_behind_doors,
          minmay_pentomino_w2

Skill      XL: |  1 |
---------------+----+-----
Polearms       | 3 |  3.8
Fighting       | |  3.0
Dodging        | |  2.6
Stealth        | |  1.7

Action                   || total
-------------------------++-------
Melee: Spear             ||    91
       Kick              ||    10
       Punch             ||     1
  Use: Scroll            ||     4
 Stab: Sleeping          ||     4
Armor: Robe              ||    10
       Leather armour    ||     5
Dodge: Dodged            ||    45
